General information
- name: Local Game (mTw-KiWi)
- type: Custom game
- host: mTw-KiWi
- saver: SK.ReMinD
map: GnollWood
- players: 2
- length: 15:32
- speed: Fast
- version: 1.21 W3XP
- replay type: Public
» download(126 KB)
Players
team 1 (loser)
mTw-KiWi (
green | 232 APM | 3604 actions | 15:30)
3 Blademaster
2 Wind Walk
1 Critical Strike
2 Shadow Hunter
1 Hex
1 Healing Wave
» actions
| Assign group hotkey | 114 | |
| Basic commands | 46 | |
| Build / train | 59 | |
| ESC pressed | 1 | |
| Enter build submenu | 12 | |
| Enter hero's abilities submenu | 5 | |
| Give item / drop item | 5 | |
| Right click | 1419 | |
| Select / deselect | 533 | |
| Select group hotkey | 1276 | |
| Use ability | 134 | |
3604 total
» units
| Peon | 7 | |
| Grunt | 4 | |
| Raider | 5 | |
| Spirit Walker | 6 | |
| Kodo Beast | 3 | |
25 total
» upgrades
| Berserker Strength | 1 | |
| Ensnare | 1 | |
| Spirit Walker Training | 1 | |
3 total
» buildings
| Altar of Storms | 1 | |
| Orc Burrow | 5 | |
| Voodoo Lounge | 1 | |
| Barracks | 1 | |
| Stronghold | 1 | |
| Beastiary | 1 | |
| War Mill | 1 | |
| Spirit Lodge | 1 | |
12 total
» build order
00:01 Altar of Storms
00:14 Orc Burrow
00:59 Voodoo Lounge
01:21 Barracks
01:46 Orc Burrow
02:47 Stronghold
04:02 Orc Burrow
05:20 Beastiary
05:35 War Mill
06:29 Spirit Lodge
07:22 Orc Burrow
10:25 Orc Burrow
» items
| Healing Salve | 6 | |
| Scroll of Speed | 5 | |
| Boots of Speed | 1 | |
| Scroll of Healing | 2 | |
| Potion of Lesser Invulnerability | 1 | |
| Lesser Clarity Potion | 4 | |
| Potion of Mana | 2 | |
| Potion of Healing | 1 | |
22 total
team 2 (winner)
SK.ReMinD (
red | 223 APM | 3467 actions | 15:32)
3 Demon Hunter
2 Mana Burn
1 Evasion
3 Keeper of the Grove
2 Entangling Roots
1 Thorns Aura
» actions
| Assign group hotkey | 85 | |
| Basic commands | 53 | |
| Build / train | 62 | |
| ESC pressed | 1 | |
| Enter build submenu | 16 | |
| Enter hero's abilities submenu | 6 | |
| Give item / drop item | 5 | |
| Right click | 1499 | |
| Select / deselect | 490 | |
| Select group hotkey | 1113 | |
| Use ability | 137 | |
3467 total
» units
| Wisp | 14 | |
| Huntress | 4 | |
| Dryad | 1 | |
| Druid of the Claw | 11 | |
30 total
» upgrades
| Ultravision | 1 | |
| Abolish Magic | 1 | |
| Druid of the Claw Training | 2 | |
| Well Spring | 1 | |
| Mark of the Claw | 1 | |
6 total
» buildings
| Altar of Elders | 1 | |
| Moon Well | 5 | |
| Hunter's Hall | 1 | |
| Ancient of War | 1 | |
| Tree of Ages | 3 | |
| Ancient of Wonders | 1 | |
| Ancient of Lore | 2 | |
| Tree of Eternity | 1 | |
15 total
» build order
00:05 Altar of Elders
00:17 Moon Well
01:42 Hunter's Hall
01:50 Ancient of War
02:05 Moon Well
02:50 Tree of Ages
02:50 Tree of Ages
02:50 Tree of Ages
03:17 Moon Well
04:38 Ancient of Wonders
05:11 Ancient of Lore
05:34 Tree of Eternity
05:47 Ancient of Lore
06:28 Moon Well
10:27 Moon Well
» items
| Dust of Appearance | 2 | |
| Staff of Preservation | 4 | |
| Potion of Invisibility | 1 | |
| Orb of Venom | 2 | |
| Potion of Lesser Invulnerability | 2 | |
11 total
Chat log
(00:40 / All) SK.ReMinD: gl hf
(00:45 / All) mTw-KiWi: hf gl
(15:29 / All) mTw-KiWi: gg